 Dungeon Crawl Stone Soup version 0.19-a0-994-g3c636f0 (webtiles) character file.

55 rageheart7 the Insei (level 3, 0/26 HPs)
             Began as a Merfolk Transmuter on July 15, 2016.
             Killed from afar by a dart slug (5 damage)
             ... with a slug dart
             ... on level 1 of the Dungeon.
             The game lasted 00:02:35 (1535 turns).

rageheart7 the Insei (Merfolk Transmuter)           Turns: 1535, Time: 00:02:36

Health: 0/26       AC:  2    Str: 10    XL:     3   Next: 93%
Magic:  5/6        EV: 14    Int: 12    God:
Gold:   67         SH:  0    Dex: 15    Spells: 1 memorised, 5 levels left

rFire  . . .     SeeInvis .       - Unarmed
rCold  . . .     Gourm    .     b - +0 robe
rNeg   . . .     Faith    .     (no shield)
rPois  .         Spirit   .     (no helmet)
rElec  .         Dismiss  .     (no cloak)
rCorr  .         Reflect  .     (no gloves)
SustAt .         Harm     .     (no boots)
MR     .....                    (no amulet)
Stlth  +.........               (no ring)
                                (no ring)

@: appendage, not resistant to hostile enchantments, very unstealthy
A: change form in water, swift swim, horns 2
a: End Transformation


You were on level 1 of the Dungeon.
You were not hungry.
You had grown temporary horns.
You visited 1 branch of the dungeon, and saw 3 of its levels.

You collected 67 gold pieces.

Inventory:

Missiles
 a - 12 arrows
Armour
 b - a +0 robe (worn)
Scrolls
 e - a scroll of amnesia {unknown}
 f - a scroll of remove curse {unknown}
 h - a scroll of random uselessness {unknown}
 i - a scroll of teleportation {unknown}
 j - 2 scrolls of identify {unknown}
Potions
 g - 2 potions of heal wounds {unknown}
 k - a potion of mutation {unknown}
 l - a potion of lignification {unknown}
Books
 c - a book of Changes

   Spells                             Type                      Level
   a - Beastly Appendage              Transmutation                1
   b - Sticks to Snakes               Transmutation                2
   c - Spider Form                    Transmutation/Poison         3
   d - Ice Form                       Ice/Transmutation            4
   e - Blade Hands                    Transmutation                5
Comestibles
 d - a bread ration
 m - 3 chunks of flesh


   Skills:
 - Level 1.1 Fighting
 + Level 3.5 Dodging
 - Level 0.2 Stealth
 * Level 4.7 Unarmed Combat
 - Level 2.0 Spellcasting
 - Level 2.6 Transmutations


You had 5 spell levels left.
You knew the following spells:

 Your Spells              Type           Power        Failure   Level  Hunger
a - Beastly Appendage     Tmut           #.....       12%         1    ##.....


Dungeon Overview and Level Annotations

Branches:
Dungeon (3/15)

Altars:


Innate Abilities, Weirdness & Mutations

You revert to your normal form in water.
You are very nimble and swift while swimming.
You have a pair of horns on your head.


Message History

There is a stone staircase leading up here.
You climb upwards.
There is a stone staircase leading down here.
You hit the dart slug.
The dart slug is moderately wounded.
The dart slug launches a dart at you. The slug dart hits you!
* * * LOW HITPOINT WARNING * * *
You hit the dart slug.
The dart slug is severely wounded.
The dart slug bites you.
* * * LOW HITPOINT WARNING * * *
Casting: Beastly Appendage
Confirm with . or Enter, or press ? or * to list all spells.
You extend your transformation's duration.
You hit the dart slug.
The dart slug is almost dead.
The dart slug launches a dart at you. The slug dart hits you!
You die...

.......#
#.#......'...#
# .......#
##.#...##.#...#
# .....(.#
#......##.#...#
# .......#
#.###..##.#####
.......#
#....#.#.....#
########
#.ยง..#>#####.#
#....###
#.#######
#.w..#
#.##..)..
#.<@.#
#.....###
###### ####.##
#.# ###


You could see a dart slug.

Vanquished Creatures
  2 gnolls (D:2)
  A worm (D:3)
  A dart slug (D:1)
  2 giant cockroaches
  6 hobgoblins
  2 jackals (D:1)
  5 kobolds
  A bat (D:2)
  3 giant newts
  3 goblins (D:1)
  3 rats
29 creatures vanquished.

Notes
Turn   | Place    | Note
-------+----------+-------------------------------------------
     0 | D:1      | rageheart7 the Merfolk Transmuter began the quest for the Orb.
     0 | D:1      | Reached XP level 1. HP: 15/15 MP: 3/3
   323 | D:1      | Reached XP level 2. HP: 14/21 MP: 3/5
   396 | D:1      | Reached skill level 4 in Unarmed Combat
  1039 | D:2      | Reached XP level 3. HP: 23/26 MP: 4/6
  1535 | D:1      | Killed from afar by a dart slug

Vault maps used:
D:1:      dpeg_arrival_fog, minmay_split_cup_small
D:2:      old_standard_altar, first_bread
D:3:      nicolae_overflow_hidden_temple

Skill      XL: |  1  2 |
---------------+-------+-----
Dodging        | 3 |  3.5
Unarmed Combat | 4 |  4.7
Fighting       | |  1.1
Stealth        | |  0.2
Spellcasting   | |  2.0
Transmutations | |  2.6

Action                   || total
-------------------------++-------
Melee: Unarmed           ||    86
       Headbutt          ||    13
       Punch             ||     1
 Cast: Beastly Appendage ||    19
  Eat: Chunk             ||     2
Armor: Robe              ||     6
Dodge: Dodged            ||    58
